 Dungeon Crawl Stone Soup version 0.19-a0-38-ga776ef0 (console) character file.

79 swinepaste the Firebug (level 4, -1/24 HPs)
             Began as a Deep Elf Fire Elementalist on May 4, 2016.
             Slain by an orc priest
             ... wielding a +0 whip
              (3 damage)
             ... on level 2 of the Dungeon.
             The game lasted 00:07:25 (2101 turns).

swinepaste the Firebug (Deep Elf Fire Elementalist) Turns: 2101, Time: 00:07:26

Health: -1/24      AC:  3    Str:  5    XL:     4   Next: 17%
Magic:  7/12       EV: 13    Int: 21    God:
Gold:   64         SH:  0    Dex: 15    Spells: 4 memorised, 2 levels left

rFire  . . .     SeeInvis .     a - +0 short sword
rCold  . . .     Gourm    .     m - +0 robe
rNeg   . . .     Faith    +     (no shield)
rPois  .         Spirit   .     p - +0 helmet
rElec  .         Dismiss  .     (no cloak)
rCorr  .         Reflect  .     (no gloves)
SustAt .         Harm     .     (no boots)
MR     .....                    d - amulet of faith
Stlth  ++........               (no ring)
                                (no ring)

@: not resistant to hostile enchantments, unstealthy
A: no striking features
a: no special abilities


You were on level 2 of the Dungeon.
You were hungry.

You visited 1 branch of the dungeon, and saw 3 of its levels.

You collected 64 gold pieces.

Inventory:

Hand Weapons
 a - a +0 short sword (weapon)
Armour
 m - a +0 robe (worn)
 p - a +0 helmet (worn)
Jewellery
 d - an amulet of faith (around neck)
Wands
 r - a wand of lightning (5/15)
Scrolls
 f - a scroll of amnesia {unknown}
 h - a scroll of recharging {unknown}
 i - 3 scrolls of magic mapping {unknown}
 j - 2 scrolls of remove curse {unknown}
 k - a scroll of fear {unknown}
 l - 2 scrolls of identify {unknown}
 n - a scroll of enchant weapon {unknown}
 q - a scroll of teleportation {unknown}
 u - a scroll of immolation {unknown}
Books
 b - a book of Flames

   Spells                             Type                      Level
   a - Flame Tongue                   Conjuration/Fire             1
   b - Throw Flame                    Conjuration/Fire             2
   c - Conjure Flame                  Conjuration/Fire             3
   d - Inner Flame                    Hexes/Fire                   3
   e - Sticky Flame                   Conjuration/Fire             4
   f - Fireball                       Conjuration/Fire             5
 o - a book of Necromancy

   Spells                             Type                      Level
   a - Pain                           Necromancy                   1
   b - Animate Skeleton               Necromancy                   1
   c - Vampiric Draining              Necromancy                   3
   d - Regeneration                   Charms/Necromancy            3
   e - Animate Dead                   Necromancy                   4
   f - Control Undead                 Necromancy                   4
 t - a book of Summonings

   Spells                             Type                      Level
   a - Recall                         Summoning/Translocation      3
   b - Aura of Abjuration             Summoning                    5
   c - Summon Demon                   Summoning                    5
   d - Summon Forest                  Summoning/Translocation      5
   e - Summon Mana Viper              Hexes/Summoning              5
   f - Shadow Creatures               Summoning                    6
Comestibles
 c - 2 bread rations
 s - 2 fruits


   Skills:
 - Level 2.4 Dodging
 - Level 2.4 Stealth
 + Level 4.2 Spellcasting
 - Level 1.7 Conjurations
 + Level 4.7 Fire Magic


You had 2 spell levels left.
You knew the following spells:

 Your Spells              Type           Power        Failure   Level  Hunger
c - Conjure Flame         Conj/Fire      ###.....     12%         3    ###....
e - Inner Flame           Hex/Fire       ##......     17%         3    ###....
f - Flame Tongue          Conj/Fire      ###..        3%          1    None
t - Throw Flame           Conj/Fire      ###...       6%          2    #......


Dungeon Overview and Level Annotations

Branches:
Dungeon (3/15)

Altars:

Annotations:
D:3 Grinder


Message History

Press: ? - help, Shift-Dir - straight line, f/p - orc priest
Aim: an orc priest, wielding a whip (moderately wounded, chance to defeat MR: 68%)
The bat is filled with an inner flame.
The bat hits you but does no damage.
Unknown command.
The orc wizard hits you with a dagger. The bat barely misses you.
The orc priest looks braver for a moment.
You climb upwards.
There is a stone staircase leading down here.
Unknown command.
Unknown command.
Casting: Inner Flame
Confirm with . or Enter, or press ? or * to list all spells.
Okay, then.
The orc wizard barely misses you. The orc wizard casts a spell at you.
The magic dart hits you!
* * * LOW HITPOINT WARNING * * *
The orc priest barely misses you. The orc priest hits you with a whip.
You die...

##### #### #...# ...# ###
#...# ...# #<# #...# ...# #.#
#...# ######### #### #.#
#...# #.......#
#########.#####...###.......#
..............'..o>##.......#
#########.#####^eo)##.......#
#########'## ####.##.......#
.....##....# #.##.......#####
...........#
#.รท'............
...........# #.##.......#####
##.........# #.##.......#
.###.......# #.###.#.#..#
..(###.....# #.##.......#
.###.......# ##'##..#.#..#


You could see an orc priest and an orc wizard.

Vanquished Creatures
  3 adders (D:2)
  A dart slug (D:2)
  2 giant geckos
  2 orcs
  A ball python (D:2)
  9 bats
  3 giant cockroaches
  10 hobgoblins
  A jackal (D:2)
  A quokka (D:3)
  A giant newt (D:2)
  2 goblins (D:1)
  5 kobolds
  3 rats
44 creatures vanquished.

Notes
Turn   | Place    | Note
--------------------------------------------------------------
     0 | D:1      | swinepaste the Deep Elf Fire Elementalist began the quest for the Orb.
     0 | D:1      | Reached XP level 1. HP: 10/10 MP: 6/6
   197 | D:1      | Reached XP level 2. HP: 15/15 MP: 0/8
   204 | D:1      | Learned a level 2 spell: Throw Flame
   774 | D:2      | Reached XP level 3. HP: 19/19 MP: 2/10
   882 | D:2      | Learned a level 3 spell: Conjure Flame
   886 | D:2      | Learned a level 3 spell: Inner Flame
  1593 | D:3      | Noticed Grinder
  1709 | D:2      | Reached XP level 4. HP: 23/24 MP: 9/12
  1727 | D:2      | HP: 1/24 [giant gecko (2)]
  2101 | D:2      | Slain by an orc priest

Vault maps used:
D:1:      evilmike_arrival_come_back, st_stairs_3
D:2:      serial_glass, glass_columns_b, glass_columns_a, glass_columns_a,
          glass_columns_c, glass_columns_a, glass_columns_a,
          minmay_strange_pillars, item_on_display_a, minmay_unequal
D:3:      first_bread, st_stairs_10, gammafunk_pakellas_statue_experiment,
          uniq_grinder

Skill      XL: |  1  2  3 |
---------------+----------+-----
Fire Magic     | 4 |  4.7
Spellcasting   | 4 |  4.2
Dodging        | |  2.4
Stealth        | |  2.4
Conjurations   | |  1.7

Action                   |  1- 3 |  4- 6 || total
-------------------------+-------+-------++-------
Melee: Short sword       |     6 |     1 ||     7
 Cast: Flame Tongue      |    65 |     7 ||    72
       Throw Flame       |     3 |     1 ||     4
       Conjure Flame     |       |     1 ||     1
       Inner Flame       |       |     1 ||     1
  Use: Potion            |       |     1 ||     1
  Eat: Chunk             |     2 |     1 ||     3
Armor: Robe              |     5 |     6 ||    11
Dodge: Dodged            |    31 |    12 ||    43
